 Dungeon Crawl Stone Soup version 0.31-a0-1074-g0b22e4e0f1 (webtiles) character file.

Game seed: 1225127030392205526

158 wildpjah the Slasher (level 5, -3/39 HPs)
             Began as a Demonspawn Gladiator on Dec 5, 2023.
             Shot with a bolt by a hobgoblin (7 damage)
             ... on level 4 of the Dungeon.
             The game lasted 00:04:01 (1051 turns).

wildpjah the Slasher (Demonspawn Gladiator)         Turns: 1051, Time: 00:04:01

Health: -3/39      AC: 12    Str: 14    XL:     5   Next: 16%
Magic:  5/5        EV:  4    Int:  9    God:
Gold:   53         SH:  0    Dex: 17    Spells: 4/4 levels left

rFire   . . .        a - +0 long sword
rCold   . . .        (no shield)
rNeg    . . .        k - +0 plate armour
rPois   .            (helmet restricted)
rElec   .            (no cloak)
rCorr   .            (no gloves)
SInv    .            (no boots)
Will    .....        (no amulet) Stlth
                     (no ring)
HPRegen 0.26/turn    (no ring)
MPRegen 0.09/turn

%: no passive effects
@: no status effects
A: horns 1, thin metallic scales 1
a: no special abilities


You were on level 4 of the Dungeon.
You visited 1 branch of the dungeon, and saw 3 of its levels.

You collected 53 gold pieces.

Inventory:

Hand Weapons
 a - a +0 long sword (weapon)
Missiles
 j - 4 poisoned darts
Armour
 b - a +0 leather armour
 c - a +0 helmet
 g - a +0 ring mail
 k - a +0 plate armour (worn)
Scrolls
 i - a scroll of enchant weapon


   Skills:
 + Level 2.7 Fighting
 + Level 4.1 Long Blades
 + Level 1.8 Throwing
 + Level 1.0 Armour
 + Level 3.4 Dodging
 + Level 0.6 Stealth


You had 4 spell levels left.
You didn't know any spells.
Your spell library contained the following spells:

 Spells                   Type           Power      Damage    Failure   Level
 Ensorcelled Hibernation  Hex/Ice        0%         N/A       100%        2
 Passwall                 Tmut/Erth      0%         N/A       100%        2
 Swiftness                Air            0%         N/A       100%        3


Dungeon Overview and Level Annotations

Branches:
Dungeon (2/15)

Altars:

Shops:
D:2 ![


Innate Abilities, Weirdness & Mutations

You have a pair of small horns on your head.
You are partially covered in thin metallic scales. (AC +2)


Message History

You slash the orc!
You kill the orc!
The orc hits you but does no damage.
You closely miss the orc. Your headbutt misses the orc.
The orc hits you but does no damage.
You slash the orc!
You kill the orc!
You slash the orc!
You kill the orc!
Unknown command.
Unknown command.
Throw: javelin
Press: ? - help, Q - select action, (/) - cycle Shift-Dir - straight line, f - orc priest
Aim: an orc priest, wielding a +0 club and wearing a +0 leather armour (57% to hit)
You throw a javelin.
The javelin pierces through the orc priest.
The orc priest is lightly wounded.
The javelin pierces through the orc!
You kill the orc!
The javelin pierces through the kobold!
You kill the kobold!
The orc priest hits you with a +0 club. x2
You slash the orc priest!
The orc priest is severely wounded.
The orc priest hits you but does no damage.
You hit the orc priest but do no damage.
The orc priest is severely wounded.
The orc priest hits you but does no damage.
You hit the orc priest.
The orc priest is almost dead.
The orc priest invokes the aid of Beogh against you.
Beogh smites you!
* * * LOW HITPOINT WARNING * * *
You closely miss the orc priest.
The orc priest is almost dead.
The orc priest looks braver for a moment.
You slash the orc priest!
You kill the orc priest!
The hobgoblin shoots a bolt.
The bolt hits you!
You die...

......# #........
#.....# #.#......
......# #........
#.....###.. #...
#.......... ##..# .
#........####..## ...
#.......###...##
.....###.......##..###
(...wg)@)###........#
#
...?.###............#
# ...
####.........#### .
###......†.........
......##....†...##..
##........#####....#
#..##..........####
...#.....##..####
.........###.####


You could see a dart slug and a hobgoblin.

Vanquished Creatures
  A black bear (D:4)
  An orc priest (D:4)
  A worm (D:2)
  3 dart slugs
  8 orcs (D:4)
  3 ball pythons
  6 bats
  An endoplasm (D:1)
  3 giant cockroaches
  3 hobgoblins
  5 kobolds
  2 quokkas (D:1)
  A frilled lizard (D:1)
  2 goblins (D:1)
  4 rats (D:1)
44 creatures vanquished.

Notes
Turn   | Place    | Note
-------+----------+-------------------------------------------
     0 | D:1      | wildpjah the Demonspawn Gladiator began the quest for the
                  | Orb.
     0 | D:1      | Reached XP level 1. HP: 16/16 MP: 1/1
   181 | D:1      | Gained mutation: You are partially covered in thin metallic
                  | scales. (AC +2) [demonic ancestry]
   181 | D:1      | Reached XP level 2. HP: 22/22 MP: 2/2
   184 | D:1      | Found a faded altar of an unknown god.
   185 | D:1      | Noticed a shining eye
   187 | D:1      | Noticed a glass eye
   187 | D:1      | Noticed a glass eye
   187 | D:1      | Noticed a golden eye
   236 | D:1      | Reached skill level 3 in Long Blades
   553 | D:1      | Gained mutation: You have a pair of small horns on your
                  | head. [demonic ancestry]
   553 | D:1      | Reached XP level 3. HP: 27/27 MP: 3/3
   740 | D:2      | Found Owiuch's Distillery.
   810 | D:2      | Found Foucrud's Antique Armour Shoppe.
   911 | D:2      | You fall into a shaft and drop 2 floors!
   957 | D:4      | Noticed a black bear
   984 | D:4      | Killed a black bear
   985 | D:4      | Reached skill level 4 in Long Blades
   985 | D:4      | Reached skill level 1 in Armour
   985 | D:4      | Reached XP level 4. HP: 34/34 MP: 4/4
   985 | D:4      | Reached XP level 5. HP: 39/39 MP: 5/5
  1051 | D:4      | Shot with a bolt by a hobgoblin

Illustrated notes

Levels and vault maps discovered:
D:1:      spicycebolla_arrival_xxxplode, layout_loops_ring,
          hellmonk_ecumenical_altar_watching_god
D:2:      layout_basic, serial_shops, shop, nicolae_shop_trees, shop_statue,
          shop, nicolae_shop_trees, minmay_misc_feat_more_columns
D:4:      layout_rooms, serial_shops, shop

Skill      XL: |  1  2  3 |
---------------+----------+-----
Dodging        | 3 |  3.4
Long Blades    | 3 4 |  4.1
Armour         | 1 |  1.0
Fighting       | |  2.7
Throwing       | |  1.8
Stealth        | |  0.6

Action                     |  1- 3 |  4- 6 || total
---------------------------+-------+-------++-------
  Melee: Long sword        |    87 |    15 ||   102
         Headbutt          |     6 |     1 ||     7
  Throw: Throwing net      |       |     3 ||     3
         Javelin           |       |     1 ||     1
    Use: Scroll            |     2 |       ||     2
         Potion            |     1 |       ||     1
   Stab: Held in net/web   |       |     1 ||     1
 Armour: Ring mail         |    50 |       ||    50
         Leather armour    |     1 |       ||     1
         Skin              |    42 |       ||    42
         Plate armour      |     2 |    13 ||    15
  Dodge: Dodged            |    45 |     2 ||    47

Table legend: (Time is in decaauts)
 A = Elapsed time spent in this place.
 B = Non-inter-level travel time spent in this place.
 C = Inter-level travel time spent in this place.
 D = Time resting spent in this place.
 E = Time spent auto-exploring this place.
 F = Levels seen in this place.
 G = Mean time per level.
                   A        B        C        D        E       F      G
               +--------+--------+--------+--------+--------+-----+--------+
         Total |   1074 |   1046 |     28 |      0 |    727 |   3 |  358.0 |
       Dungeon |   1074 |   1046 |     28 |      0 |    727 |   3 |  358.0 |
               +--------+--------+--------+--------+--------+-----+--------+

Top non-repeatable levels by time:
     D:1: 744 daAuts
     D:2: 183 daAuts
     D:4: 146 daAuts
